 Dungeon Crawl Stone Soup version 0.31-a0-656-gb4d89c20fa (webtiles) character file.

Game seed: 11481356974641368199

3556 sampeng1 the Fighter (level 10, -12/85 (90) HPs)
             Began as a Hill Orc Fighter on Aug 31, 2023.
             Was a Follower of Beogh.
             Killed from afar by Maggie (18 damage)
             ... with a bolt of fire
             ... on level 7 of the Dungeon.
             The game lasted 00:18:15 (5992 turns).

sampeng1 the Fighter (Hill Orc Fighter)             Turns: 5992, Time: 00:18:16

HP:   -12/85 (90)   AC: 12    Str: 24    XL:     10   Next: 9%
MP:   10/10         EV: 10    Int:  8    God:    Beogh [*.....]
Gold: 162           SH:  5    Dex: 10    Spells: 9/9 levels left

rFire   . . .        b - +11 demon trident "Conservator" {flame, Contam Will+ rCorr}
rCold   . . .        c - +0 buckler
rNeg    . . .        f - +0 chain mail
rPois   .            m - +0 helmet
rElec   .            e - scarf {repulsion}
rCorr   +            (no gloves)
SInv    .            (no boots)
Will    +....        (no amulet) Stlth
                     p - ring of wizardry
HPRegen 0.34/turn    (no ring)
MPRegen 0.12/turn

%: repel missiles, wizardry (x1)
@: mighty, drained
A: no striking features
a: Renounce Religion


You were on level 7 of the Dungeon.
You worshipped Beogh.
Beogh was aware of your devotion.
You visited 1 branch of the dungeon, and saw 7 of its levels.

You collected 256 gold pieces.
You spent 94 gold pieces at shops.

Inventory:

Hand Weapons
 a - a +1 vampiric war axe
 b - the +11 demon trident "Conservator" (weapon) {flame, Contam Will+ rCorr}
   (You acquired it on level 6 of the Dungeon)

   Will+:     It increases your willpower.
   Contam:    It causes magical contamination when unequipped.
   rCorr:     It protects you from acid and corrosion.
Armour
 c - a +0 buckler (worn)
 e - a scarf of repulsion (worn)
 f - a +0 chain mail (worn)
 m - a +0 helmet (worn)
Jewellery
 p - a ring of wizardry (left hand)
Wands
 o - a wand of flame (31)
Scrolls
 i - a scroll of summoning
 k - a scroll of fear
 n - 4 scrolls of teleportation
 q - 3 scrolls of silence
 r - a scroll of brand weapon
Potions
 d - a potion of might
 h - a potion of attraction
 j - 2 potions of magic
 l - a potion of curing
 s - a potion of ambrosia


   Skills:
 + Level 8.5 Fighting
 - Level 8.4(8.5) Axes
 + Level 1.7(4.7) Polearms
 + Level 7.8 Armour
 + Level 4.8 Dodging
 + Level 7.7 Shields


You had 9 spell levels left.
You didn't know any spells.
Your spell library contained the following spells:

 Spells                   Type           Power      Damage    Failure   Level
 Necrotise                Necr           0%         1d4       65%         1
 Static Discharge         Conj/Air       0%         2-2/arc   78%         2
 Vampiric Draining        Necr           0%         2d6       94%         3
 Airstrike                Air            0%         2d(0-16)  100%        4
 Summon Lightning Spire   Summ/Air       0%         N/A       100%        4
 Agony                    Necr           0%         N/A       100%        5


Dungeon Overview and Level Annotations

Branches:
Dungeon (7/15)             Temple (0/1) D:5

Altars:
Dithmenos
Uskayaw

Shops:
D:2 *   D:5 (   D:7 *

Annotations:
D:7 Maggie


Message History

You hear an angry buzzing noise. x4
You puncture Maggie! You burn Maggie.
Maggie is lightly wounded.
The wight barely misses you.
Maggie hits you with a +1 long sword of pain!
You writhe in agony.
The grasping roots constrict you.
The wight hits you with a +5 mace of freezing.
* * * LOW HITPOINT WARNING * * *
You feel drained.
* * * LOW HITPOINT WARNING * * *
The wight freezes you.
* * * LOW HITPOINT WARNING * * *
You barely miss Maggie.
Maggie is lightly wounded.
You block the wight's attack.
Maggie hits you with a +1 long sword of pain!
* * * LOW HITPOINT WARNING * * *
The grasping roots constrict you.
* * * LOW HITPOINT WARNING * * *
The wight hits you but does no damage.
The grasping roots release their grip on you.
You cannot move away from Maggie!
You feel better. The wight hits you but does no damage.
Maggie closely misses you. The wight completely misses you.
You hit Maggie. You burn Maggie.
Maggie is moderately wounded.
You break out of your daze.
The wight barely misses you.
Maggie hits you with a +1 long sword of pain.
* * * LOW HITPOINT WARNING * * *
The wight hits you with a +5 mace of freezing!
* * * LOW HITPOINT WARNING * * *
The wight freezes you.
* * * LOW HITPOINT WARNING * * *
You feel very mighty all of a sudden.
A killer bee comes into view.
You block the wight's attack. Maggie gestures at you while chanting.
The bolt of fire hits you!!
You die...

#.......# #[#.
...#.....###
#.<.
##.#.##....####
#...
###.#..........#
###.
#...........##.#
## #.#......####
# #=###)## ..
#.# #. #@#
#..@)zz.....
#...........
#...........
y............
##.........#..
#.......... .
#........###


You could see Maggie, a killer bee (wandering) and 2 wights.

Vanquished Creatures
  Grinder (D:5)
  Sigmund (D:5)
  Menkaure (D:5)
  A steam dragon (D:6)
  Edmund (D:5)
  2 water moccasins (D:6)
  Duvessa (D:5)
  3 sky beasts
  An orc warrior (D:7)
  2 black bears
  3 ice beasts
  2 ogres (D:4)
  A centaur (D:5)
  Blork the orc (D:5)
  A gnoll sergeant (D:7)
  4 scorpions
  8 wights
  Dowan (D:5)
  A howler monkey (D:4)
  4 hounds
  2 orc wizards
  5 sleepcaps
  2 iguanas
  6 gnolls
  2 river rats (D:5)
  3 adders
  A shadow imp (D:5)
  A white imp (D:6)
  An ufetubus (D:5)
  3 worms
  3 dart slugs
  15 orcs
  6 ball pythons
  9 endoplasms
  4 giant cockroaches
  9 goblins
  8 hobgoblins
  7 quokkas
  2 bats
  8 frilled lizards
  4 kobolds
  5 rats
146 creatures vanquished.

Vanquished Creatures (collateral kills)
  An iguana (D:4)
  A hobgoblin (D:4)
2 creatures vanquished.

Vanquished Creatures (others)
  An orc priest (D:5)
1 creature vanquished.

Grand Total: 149 creatures vanquished

Notes
Turn   | Place    | Note
-------+----------+-------------------------------------------
     0 | D:1      | sampeng1 the Hill Orc Fighter began the quest for the Orb.
     0 | D:1      | Reached XP level 1. HP: 19/19 MP: 1/1
    75 | D:1      | Reached XP level 2. HP: 27/27 MP: 2/2
   414 | D:1      | Reached XP level 3. HP: 32/33 MP: 3/3
   933 | D:2      | Found Aqaex's Assorted Antiques.
   986 | D:2      | Noticed a scorpion
   992 | D:2      | Killed a scorpion
   993 | D:2      | Reached XP level 4. HP: 40/41 MP: 4/4
  1434 | D:3      | Reached XP level 5. HP: 44/47 MP: 5/5
  1711 | D:3      | Found a faded altar of an unknown god.
  1786 | D:2      | Bought a helmet for 94 gold pieces
  1851 | D:4      | Noticed an ice beast
  1862 | D:4      | Killed an ice beast
  1863 | D:4      | Reached skill level 1 in Dodging
  1863 | D:4      | Reached XP level 6. HP: 27/55 MP: 6/6
  1971 | D:4      | Identified the +0 leather armour of Pathos {Dex+4}
  1986 | D:4      | Reached skill level 5 in Fighting
  2279 | D:4      | Reached skill level 5 in Axes
  2279 | D:4      | Reached XP level 7. HP: 38/61 MP: 7/7
  2280 | D:4      | Reached skill level 5 in Armour
  2280 | D:4      | Reached skill level 5 in Shields
  2814 | D:4      | Found a hide-covered altar of Uskayaw.
  2955 | D:5      | Entered Level 5 of the Dungeon
  2967 | D:5      | Reached XP level 8. HP: 63/70 MP: 8/8
  3042 | D:5      | Noticed Duvessa
  3042 | D:5      | Noticed Dowan
  3056 | D:5      | Killed Duvessa
  3061 | D:5      | Killed Dowan
  3110 | D:5      | Noticed Menkaure
  3122 | D:5      | Killed Menkaure
  3254 | D:5      | Noticed Sigmund
  3288 | D:5      | Killed Sigmund
  3467 | D:5      | Found a shadowy altar of Dithmenos.
  3578 | D:5      | Noticed Edmund
  3586 | D:5      | Killed Edmund
  3680 | D:5      | Reached XP level 9. HP: 67/79 MP: 9/9
  3822 | D:5      | Noticed Blork the orc
  3833 | D:5      | Killed Blork the orc
  3843 | D:5      | Became a worshipper of Beogh the Brigand
  3908 | D:5      | Found a staircase to the Ecumenical Temple.
  3910 | D:5      | Noticed Grinder
  3928 | D:5      | Paralysed by Grinder for 2 turns
  3931 | D:5      | Killed Grinder
  4180 | D:5      | You fall into a shaft and drop 1 floor!
  4637 | D:5      | Found Soenaag's Weapon Emporium.
  5765 | D:6      | Identified a scroll of acquirement
  5768 | D:6      | Acquired the +11 demon trident "Conservator" {flame, Contam
                  | Will+ rCorr}
  5775 | D:7      | Found Widwupont's General Store.
  5880 | D:7      | Reached * piety under Beogh
  5886 | D:7      | Reached skill level 1 in Polearms
  5886 | D:7      | Reached XP level 10. HP: 64/88 MP: 10/10
  5980 | D:7      | Noticed Maggie
  5992 | D:7      | Killed from afar by Maggie

Illustrated notes

Levels and vault maps discovered:
D:1:      minmay_arrival_nine_rooms, layout_basic
D:2:      layout_basic, serial_shops, nicolae_shop_real_fake_doors,
          mrwooster_statue_mirror
D:3:      layout_rooms, chequers_ecumenical_altar_island
D:4:      layout_basic, nicolae_uskayaw_dance_hall, minmay_bent
D:5:      layout_loops_corners, nicolae_dithmenos_through_a_glass_darkly,
          temple_doors_cd, gup_sewer_entry_bowl, serial_shops,
          nicolae_shop_behind_doors, uniq_menkaure, uniq_sigmund, uniq_grinder,
          uniq_duvessa, uniq_edmund, uniq_blork_the_orc
D:6:      layout_layer_cave
D:7:      layout_loops_cross, marbit_many_paths, tgw_sif,
          nicolae_elyvilon_peaceful_grove, serial_shops, shop, uniq_maggie

Skill      XL: |  1  2  3  4  5  6  7  8  9 |
---------------+----------------------------+-----
Axes           | 3 4 5 7 8 |  8.4
Fighting       | 4 5 6 7 8 |  8.5
Armour         | 4 5 6 7 |  7.8
Shields        | 4 5 6 7 |  7.7
Dodging        | 1 2 3 4 |  4.8
Polearms       | 1 |  1.7

Action                     |  1- 3 |  4- 6 |  7- 9 | 10-12 || total
---------------------------+-------+-------+-------+-------++-------
  Melee: War axe           |    86 |   124 |   320 |       ||   530
         Demon trident     |       |       |    20 |    12 ||    32
 Invoke: Convert to Beogh  |       |       |     1 |       ||     1
    Use: Scroll            |     4 |     4 |     6 |       ||    14
         Potion            |     1 |     1 |     1 |     2 ||     5
 Armour: Scale mail        |    27 |       |       |       ||    27
         Chain mail        |     8 |    67 |   190 |     5 ||   270
  Dodge: Dodged            |    38 |    40 |   136 |     9 ||   223
         Repelled          |       |       |     3 |       ||     3
  Block: Buckler           |    17 |    36 |    82 |     4 ||   139

Table legend: (Time is in decaauts)
 A = Elapsed time spent in this place.
 B = Non-inter-level travel time spent in this place.
 C = Inter-level travel time spent in this place.
 D = Time resting spent in this place.
 E = Time spent auto-exploring this place.
 F = Levels seen in this place.
 G = Mean time per level.
                   A        B        C        D        E       F      G
               +--------+--------+--------+--------+--------+-----+--------+
         Total |   6133 |   5962 |    171 |    180 |   4149 |   7 |  876.1 |
       Dungeon |   6133 |   5962 |    171 |    180 |   4149 |   7 |  876.1 |
               +--------+--------+--------+--------+--------+-----+--------+

Top non-repeatable levels by time:
     D:5: 1595 daAuts
     D:6: 1274 daAuts
     D:4: 1171 daAuts
     D:1: 774 daAuts
     D:2: 691 daAuts
     D:3: 406 daAuts
     D:7: 219 daAuts
